 Dungeon Crawl Stone Soup version 0.21.1-1-g345015f (webtiles) character file.

7808 Monsterracer the Cleaver (level 11, 0/101 HPs)
             Began as a Hill Orc Hunter on July 12, 2018.
             Was a Priest of Zin.
             Slain by a minotaur
             ... wielding a +0 battleaxe
              (14 damage)
             ... in a labyrinth.
             The game lasted 00:25:24 (9545 turns).

Monsterracer the Cleaver (Hill Orc Hunter)          Turns: 9545, Time: 00:25:24

Health: 0/101      AC: 18    Str: 22    XL:     11   Next: 21%
Magic:  15/15      EV: 15    Int: 19    God:    Zin [***...]
Gold:   429        SH:  0    Dex: 19    Spells: 10/10 levels left

rFire    + . .     SeeInvis .   a - +0 hand axe
rCold    . . .     Gourm    .   (no shield)
rNeg     . . .     Faith    .   r - +0 chain mail
rPois    ∞         Spirit   .   s - +1 helmet
rElec    .         Reflect  .   w - +0 cloak
rCorr    .         Harm     .   k - +1 pair of gloves
MR       .....                  (no boots)
Stlth    ..........             v - amulet of regeneration
HPRegen  0.66/turn              g - +2 ring of protection
MPRegen  0.14/turn              m - ring of protection from fire {!d}

@: brilliant, agile, vitalised
A: no striking features
a: Recite, Vitalisation, Imprison, Donate Gold, Renounce Religion


You were in a labyrinth.
You worshipped Zin.
Zin was most pleased with you.
You were not hungry.

You visited 3 branches of the dungeon, and saw 11 of its levels.
You also visited: Labyrinth.

You collected 521 gold pieces.
You spent 45 gold pieces at shops.
You donated 47 gold pieces to Zin.

Inventory:

Hand Weapons
 a - a +0 hand axe (weapon)
 b - a +2 hand crossbow
Missiles
 d - 21 bolts
Armour
 k - a +1 pair of gloves (worn)
 r - a +0 chain mail (worn)
 s - a +1 helmet (worn)
 w - a +0 cloak (worn)
Jewellery
 g - a +2 ring of protection (left hand)
 m - a ring of protection from fire (right hand) {!d}
 t - an uncursed ring of protection from magic {!d}
 v - an amulet of regeneration (around neck)
Wands
 j - a wand of digging (19)
 n - a wand of acid (11)
 x - a wand of flame (21)
 y - a wand of iceblast (11)
Scrolls
 e - 7 scrolls of remove curse
 l - 2 scrolls of teleportation
Potions
 f - 2 potions of cancellation
 h - a potion of heal wounds
 i - a potion of agility
 o - 8 potions of curing
 p - 2 potions of flight
 u - a potion of resistance
Miscellaneous
 q - a lamp of fire (inert)
Comestibles
 c - 7 rations


   Skills:
 + Level 10.6 Fighting
 * Level 12.4 Axes
 + Level 6.5 Crossbows
 + Level 7.5 Armour
 - Level 3.0 Dodging
 - Level 1.0 Stealth
 + Level 6.2 Invocations


You had 10 spell levels left.
You didn't know any spells.

Dungeon Overview and Level Annotations

Branches:
Dungeon (8/15)             Temple (1/1) D:6            Lair (2/6) D:8
  Swamp: Lair:2-4    Shoals: Lair:2-4     Snake: Lair:2-4    Spider: Lair:2-4

Altars:
Ashenzari
Cheibriados
Dithmenos
Elyvilon
Fedhas
Gozag
Hepliaklqana
Kikubaaqudgha
Makhleb
Nemelex Xobeh
Okawaru
Qazlal
Ru
Sif Muna
Trog
Uskayaw
Vehumet
Wu Jian
Xom
Yredelemnul
Zin
The Shining One

Shops:
D:4 [:

Annotations:
D:8 Curus's ghost, novice GrEE
Lair:1 exclusion: oklob plant


Message History

You resist with some effort. The basilisk gazes at you.
You turn to flesh and can move again.
You regained 5 hp, and now have 99/101 hp.
Unknown command.
You hit the basilisk but do no damage.
The basilisk is severely wounded.
You hit the basilisk.
The basilisk is almost dead.
The basilisk bites you.
You take 3 damage, and have 96/101 hp.
You slash the basilisk!
You kill the basilisk!
Health restored: 101 You pay a tithe of 2 gold.
You now have 429 gold pieces (gained 24).
Okay, then.
Zin grants you divine stamina.
You now have 13/15 mp.
You open the door.
A minotaur comes into view. It is wielding a battleaxe.
The minotaur bellows!
Found a long glowing staff, a ration, a robe and a box of beasts.
Found an escape hatch in the ceiling.
There is an open door here.
Evoke which item? (* to show all) (? for menu, Esc to quit)
Aim the lamp in which direction?
Press: ? - help, Dir - move target cursor, f - minotaur
Aim: a minotaur, wielding a battleaxe, wearing a plate armour and wearing a wooden ring The flames dance!
You hit the minotaur.
The minotaur is lightly wounded.
The minotaur is engulfed in blazing flames.
The minotaur hits you but does no damage.
The minotaur gores you but does no damage.
You slash the minotaur!
The minotaur is moderately wounded.
You hit the minotaur but do no damage.
The minotaur is moderately wounded.
The minotaur hits you but does no damage.
The minotaur gores you but does no damage.
You hit the minotaur but do no damage.
The minotaur is moderately wounded.
You barely miss the minotaur.
The minotaur is moderately wounded.
The minotaur is engulfed in blazing flames.
The minotaur hits you with a battleaxe. The minotaur gores you.
You take 9 damage, and have 92/101 hp.
You hit the minotaur but do no damage.
The minotaur is moderately wounded.
The minotaur barely misses you. The minotaur gores you!
You take 9 damage, and have 83/101 hp.
You hit the minotaur.
The minotaur is moderately wounded.
Your chain mail prevents you from hitting the minotaur.
The minotaur is moderately wounded.
The minotaur hits you with a battleaxe!!
The minotaur gores you but does no damage.
You take 31 damage, and have 53/101 hp.
MASSIVE DAMAGE!!
You hit the minotaur but do no damage.
The minotaur is moderately wounded.
You hit the minotaur but do no damage.
The minotaur is moderately wounded.
The minotaur hits you with a battleaxe!!
* * * LOW HITPOINT WARNING * * *
The minotaur closely misses you.
You take 24 damage, and have 29/101 hp.
MASSIVE DAMAGE!!
You hit the minotaur but do no damage.
The minotaur is moderately wounded.
You hit the minotaur but do no damage.
The minotaur is moderately wounded.
The minotaur closely misses you. The minotaur gores you.
* * * LOW HITPOINT WARNING * * *
You take 2 damage, and have 27/101 hp.
You hit the minotaur but do no damage.
The minotaur is moderately wounded.
MP restored: 15 You hit the minotaur but do no damage.
The minotaur is moderately wounded.
The minotaur barely misses you.
The minotaur gores you but does no damage.
Okay, then.
You hit the minotaur but do no damage.
The minotaur is moderately wounded.
You hit the minotaur.
The minotaur is moderately wounded.
The minotaur hits you with a battleaxe!
* * * LOW HITPOINT WARNING * * *
The minotaur gores you.
* * * LOW HITPOINT WARNING * * *
You take 15 damage, and have 13/101 hp.
It was a potion of brilliance.
You feel clever all of a sudden.
The minotaur hits you but does no damage.
The minotaur completely misses you.
You feel agile all of a sudden.
You hit the minotaur but do no damage.
The minotaur is moderately wounded.
The minotaur hits you with a battleaxe!
You die...

.# # # .. # .
.###.###
..#.#..
###.#.#.#
#...#.#.#
#...#.###.#
#.........#
#.##
#.##@##..#
......#8H8#
..# ###
#.#...# # #
...# #8.8# #
### #. #%.|#
## . ...
..#8.8# . # #
## .#.#}.[#
####
#.#.#8<8#....#
# . ##.# ## #
.# #.


You could see a minotaur.

Vanquished Creatures
  Erica (D:8)
  2 two-headed ogres
  The ghost of Alter the Fighter, a novice OgBe of Trog (D:5)
  A komodo dragon (Lair:1)
  Prince Ribbit (D:8)
  Grinder (D:4)
  2 hippogriffs (Lair:1)
  Sigmund (D:2)
  4 fire bats (D:8)
  A wyvern (D:8)
  4 basilisks (Lab)
  2 hungry ghosts (D:8)
  A hell hound (D:8)
  A porcupine (Lair:1)
  2 phantoms (D:5)
  4 ogres
  2 centaurs
  2 crocodiles (Lair:1)
  A big kobold (D:7)
  4 bullfrogs
  2 scorpions
  6 crimson imps
  A quasit (D:8)
  3 jellies (D:7)
  2 lava snakes (D:8)
  An orc priest (D:5)
  5 hounds
  A bullfrog skeleton (D:2)
  2 centaur skeletons
  An orc wizard (D:4)
  Jessica (D:2)
  A gnoll shaman (D:4)
  3 iguanas
  Natasha (D:3)
  5 worker ants
  A killer bee zombie (D:8)
  Robin (D:3)
  5 gnolls (D:4)
  8 adders
  A shadow imp (D:7)
  An ooze (D:2)
  An adder zombie (D:7)
  4 worms
  2 dart slugs
  6 leopard geckos
  9 orcs
  13 bats
  5 giant cockroaches
  18 goblins
  14 hobgoblins
  6 jackals
  5 quokkas
  5 frilled lizards
  A jackal skeleton (D:6)
  11 kobolds
  2 leopard gecko skeletons
  A quokka zombie (D:5)
  4 rats
197 creatures vanquished.

Vanquished Creatures (others)
  3 fire vortices (D:8)
3 creatures vanquished.

Grand Total: 200 creatures vanquished

Notes
Turn   | Place    | Note
-------+----------+-------------------------------------------
     0 | D:1      | Monsterracer the Hill Orc Hunter began the quest for the Orb.
     0 | D:1      | Reached XP level 1. HP: 18/18 MP: 1/1
    83 | D:1      | Reached skill level 1 in Stealth
   131 | D:1      | Reached XP level 2. HP: 25/25 MP: 2/2
   467 | D:1      | Reached XP level 3. HP: 33/33 MP: 3/3
   807 | D:2      | Found an iron altar of Okawaru.
   990 | D:2      | Noticed Jessica
   992 | D:2      | Killed Jessica
   992 | D:2      | Reached skill level 5 in Fighting
   992 | D:2      | Reached XP level 4. HP: 41/42 MP: 4/4
  1029 | D:2      | HP: 21/42 [poisoned by an adder]
  1035 | D:2      | HP: 20/42 [poisoned by an adder]
  1043 | D:2      | HP: 19/42 [poisoned by an adder]
  1253 | D:2      | Noticed Sigmund
  1286 | D:2      | Killed Sigmund
  1286 | D:2      | Reached XP level 5. HP: 50/52 MP: 5/5
  1286 | D:2      | Reached XP level 6. HP: 57/60 MP: 6/6
  1591 | D:2      | HP: 27/60 [bullfrog skeleton (4)]
  2420 | D:3      | Noticed Robin
  2463 | D:3      | Killed Robin
  2463 | D:3      | Reached skill level 1 in Armour
  2483 | D:3      | HP: 28/61 [goblin/dagger of electrocution[Robin] (17)]
  2498 | D:3      | HP: 29/61 [goblin/dagger[Robin] (1)]
  2677 | D:3      | Found a hide-covered altar of Uskayaw.
  2927 | D:3      | Noticed Natasha
  2931 | D:3      | Killed Natasha
  3479 | D:4      | Found a blossoming altar of Fedhas.
  3539 | D:4      | Reached XP level 7. HP: 67/67 MP: 7/7
  3607 | D:4      | Found Tifupsoi's Armour Shop.
  3617 | D:4      | Bought a +0 pair of gloves for 45 gold pieces
  3733 | D:4      | Found Leymur's Book Shop.
  3933 | D:4      | Got a slimy rapier
  3945 | D:4      | Noticed Grinder
  3958 | D:4      | Killed Grinder
  3958 | D:4      | Reached XP level 8. HP: 53/75 MP: 8/8
  3959 | D:4      | Identified the +5 rapier of Destiny {speed, +Fly rPois rN++ Int-3} (You found it on level 4 of the Dungeon)
  4272 | D:5      | Entered Level 5 of the Dungeon
  4317 | D:5      | Noticed Alter's ghost (novice OgBe)
  4340 | D:5      | Reached skill level 1 in Axes
  4341 | D:5      | HP: 33/75 [Alter's ghost (7)]
  4347 | D:4      | HP: 26/75 [orc wizard/dagger (2)]
  4353 | D:4      | HP: 27/75 [orc wizard/dagger (2)]
  4355 | D:4      | Reached skill level 2 in Axes
  4467 | D:5      | HP: 36/75 [Alter's ghost (5)]
  4474 | D:5      | HP: 33/75 [Alter's ghost (2)]
  4487 | D:5      | HP: 29/75 [Alter's ghost (10)]
  4492 | D:5      | HP: 17/75 [Alter's ghost (6)]
  4495 | D:5      | Killed Alter's ghost
  4495 | D:5      | Reached skill level 7 in Axes
  4669 | D:5      | Found a sparkling altar of Nemelex Xobeh.
  4670 | D:5      | Found a hide-covered altar of Uskayaw.
  4685 | D:5      | Reached skill level 8 in Axes
  4742 | D:5      | Reached XP level 9. HP: 82/82 MP: 9/9
  4783 | D:5      | Found an ornate altar of the Wu Jian Council.
  4784 | D:5      | Found a bloodstained altar of Trog.
  4798 | D:5      | Reached skill level 5 in Armour
  4971 | D:5      | Found a radiant altar of Vehumet.
  5058 | D:6      | Found a burning altar of Makhleb.
  5058 | D:6      | Found a shimmering altar of Xom.
  5391 | D:6      | Identified the Collected Works on Cloudy Transformation
  5410 | D:6      | Reached skill level 9 in Axes
  5434 | D:6      | Found a staircase to the Ecumenical Temple.
  5502 | Temple   | Entered the Ecumenical Temple
  5570 | Temple   | Became a worshipper of Zin the Law-Giver
  5570 | Temple   | Reached * piety under Zin
  6063 | D:6      | Found a hazy altar of Hepliaklqana.
  6287 | D:7      | Reached ** piety under Zin
  6425 | D:7      | Reached skill level 1 in Invocations
  7266 | D:8      | Noticed a two-headed ogre
  7276 | D:8      | HP: 39/83 [two-headed ogre/giant spiked club (20)]
  7277 | D:8      | Killed a two-headed ogre
  7277 | D:8      | Reached skill level 10 in Axes
  7277 | D:8      | Reached skill level 5 in Crossbows
  7277 | D:8      | Reached XP level 10. HP: 43/91 MP: 10/12
  7413 | D:8      | Found a staircase to the Lair.
  7419 | D:8      | Noticed a two-headed ogre
  7420 | D:8      | Noticed Erica
  7457 | D:7      | Killed a two-headed ogre
  7514 | D:8      | HP: 45/93 [something/orb of energy (8)]
  7519 | D:8      | HP: 41/93 [poisoned by Erica (bolt of poison)]
  7525 | D:8      | HP: 23/93 [poisoned by Erica (bolt of poison)]
  7528 | D:8      | HP: 2/93 [something/orb of energy (28)]
  7534 | D:8      | HP: 47/139 [something (3)]
  7538 | D:8      | Killed Erica
  7538 | D:8      | Reached skill level 11 in Axes
  7698 | D:8      | Reached skill level 10 in Fighting
  7766 | D:8      | Noticed Prince Ribbit
  7843 | D:8      | Reached skill level 5 in Invocations
  7844 | D:8      | Killed Prince Ribbit
  7956 | D:8      | Noticed Curus's ghost (novice GrEE)
  7968 | D:8      | HP: 44/93 [wyvern (8)]
  7973 | D:8      | HP: 31/93 [Curus's ghost/blast of rock fragments (16)]
  7998 | D:8      | HP: 42/93 [leopard gecko (1)]
  8009 | D:8      | HP: 42/93 [Curus's ghost/blast of rock fragments (7)]
  8543 | D:8      | Noticed a two-headed ogre
  8826 | D:8      | HP: 47/94 [Curus's ghost (2)]
  8834 | Lair:1   | Entered Level 1 of the Lair of Beasts
  8842 | Lair:1   | HP: 45/94 [crocodile (5)]
  8851 | Lair:1   | HP: 42/94 [crocodile (2)]
  8853 | Lair:1   | Reached XP level 11. HP: 45/101 MP: 15/15
  8855 | Lair:1   | You fall through a shaft!
  8969 | Lair:1   | Reached skill level 12 in Axes
  9022 | Lair:1   | Noticed an oklob plant
  9054 | Lair:1   | HP: 47/101 [komodo dragon (22)]
  9061 | Lair:1   | HP: 9/101 [komodo dragon (24)]
  9204 | Lair:1   | Found a labyrinth entrance.
  9252 | Lab      | Entered a labyrinth
  9301 | Lab      | HP: 48/101 [basilisk (5)]
  9322 | Lab      | Reached *** piety under Zin
  9523 | Lab      | Noticed a minotaur
  9536 | Lab      | HP: 29/101 [minotaur/battleaxe (25)]
  9542 | Lab      | HP: 16/101 [minotaur/battleaxe (13)]
  9545 | Lab      | Slain by a minotaur

Skill      XL: |  1  2  3  4  5  6  7  8  9 10 11 |
---------------+----------------------------------+-----
Stealth        | 1 |  1.0
Fighting       | 3 5 7 8 9 10 | 10.6
Armour         | 2 4 6 7 |  7.5
Dodging        | 2 3 |  3.0
Crossbows      | 4 5 6 |  6.5
Axes           | 8 10 11 12 | 12.4
Invocations    | 3 5 6 |  6.2

Action                   |  1- 3 |  4- 6 |  7- 9 | 10-12 || total
-------------------------+-------+-------+-------+-------++-------
Melee: Short sword       |    11 |   127 |       |       ||   138
       Dagger            |       |    92 |       |       ||    92
       Hand axe          |       |       |   287 |   382 ||   669
 Fire: Hand crossbow     |    65 |    38 |   172 |    55 ||   330
Invok: Recite            |       |       |       |     2 ||     2
       Vitalisation      |       |       |       |     2 ||     2
Evoke: Lamp of fire      |       |       |       |     1 ||     1
  Use: Scroll            |       |     9 |     6 |       ||    15
       Potion            |       |       |       |     5 ||     5
 Stab: Invisible         |       |       |     4 |       ||     4
  Eat: Chunk             |       |     9 |     6 |     5 ||    20
       Ration            |       |       |     2 |     4 ||     6
Armor: Leather armour    |     5 |    15 |       |       ||    20
       Chain mail        |       |   146 |   208 |   245 ||   599
Dodge: Dodged            |    22 |   109 |   137 |   169 ||   437

Vault maps used:
D:1:      minmay_arrival_stair_chambers, serial_bayou_ford_a, minmay_box_of_dots
D:2:      okawaru_trees_2, uniq_jessica, uniq_sigmund
D:3:      cheibrodos_sewer_entry_bend, first_ration, lemuel_tele_altar,
          uniq_natasha, uniq_robin
D:4:      nicolae_overflow_crystal_walls, serial_shops, shop,
          nicolae_shop_waterfront, uniq_grinder
D:5:      gammafunk_temple_overflow_forgotten,
          chequers_temple_overflow_statue_of_worship
D:6:      grunt_temple_overflow_champion_of_chaos, kennysheep_little_box,
          minmay_temple_entry_statues_pillars
D:8:      lair_entry_dummy, hangedman_incinerator, uniq_erica,
          uniq_prince_ribbit1
Temple:   oiseaux_autumnal_temple
Lair:1:   lab_entry_generic, minmay_lair_oklob_chamber, grunt_megastairs_4
Lair:2:   st_stairs_3, grunt_forest_large_clearings, grunt_megastairs_1,
          uniq_gastronok, uniq_harold
Lab:      nicolae_lab_dead_adventurers, nicolae_lab_dead_end, nicolae_lab_plus
